 Dungeon Crawl Stone Soup version 0.30.0-10-gfe55d96785 (webtiles) character file.

Game seed: 16929571749675808775

223293 croobank the Champion of Chaos (level 18, -12/139 HPs)
             Began as a Demonspawn Fire Elementalist on May 12, 2023.
             Was the Champion of Makhleb.
             Killed from afar by a blizzard demon (52 damage)
             ... with a bolt of cold
             ... on level 4 of the Swamp on May 13, 2023.
             The game lasted 05:02:59 (50612 turns).

croobank the Champion of Chaos (DsFE)              Turns: 50612, Time: 05:03:00

Health: -12/139    AC: 28    Str: 15    XL:     18   Next: 55%
Magic:  30/33      EV: 19    Int: 28    God:    Makhleb [******]
Gold:   860        SH:  7    Dex: 13    Spells: 10/40 levels left

rFire   + . .        j - +12 spear of Aliw {spect, rElec Int+2 Dex-5}
rCold   x . .        Z - +2 buckler {rPois}
rNeg    + . .        u - +4 robe of Augmentation {Str+4 Int+4 Dex+4}
rPois   +            y - +2 helmet
rElec   +            q - +2 cloak
rCorr   .            K - +3 pair of gauntlets of War {Slay+5}
SInv    .            (boots unavailable)
Will    +....        h - amulet of regeneration
Stlth   ++++         G - ring "Xaitufol" {Fire rN+}
HPRegen 1.23/turn    c - ring of flight
MPRegen 0.23/turn

%: no passive effects
@: agile, sanguine armoured, flying, studying Staves
A: hooves 3, powered by death 1, powered by pain 2, sanguine armour 3,
corrupting presence 1
}: 1/15 runes: serpentine
a: Renounce Religion, Minor Destruction, Lesser Servant of Makhleb, Major
Destruction, Greater Servant of Makhleb


You were on level 4 of the Swamp.
You worshipped Makhleb.
Makhleb was exalted by your worship.
You visited 5 branches of the dungeon, and saw 30 of its levels.
You also visited: Sewer, Bailey and Ice Cave.

You collected 2937 gold pieces.
You spent 2077 gold pieces at shops.

Inventory:

Hand Weapons
 j - the +12 spear of Aliw (weapon) {spect, rElec Int+2 Dex-5}
   (You found it on level 12 of the Dungeon)

   Int:       It affects your intelligence (+2).
   Dex:       It affects your dexterity (-5).
   rElec:     It insulates you from electricity.
 w - the +10 dagger of Zudoom {elec, Int+5}
   (You found it on level 2 of the Dungeon)

   Int:       It affects your intelligence (+5).
 S - the +11 short sword of Noun {protect, *Noise rC++ rN+++ Stlth-}
   (You took it off an orc on level 15 of the Dungeon)

   rC:        It greatly protects you from cold.
   rN:        It renders you almost immune to negative energy.
   *Noise:    It may make noises in combat.
   Stlth:     It makes you less stealthy.
Missiles
 L - 3 curare-tipped darts (quivered)
 P - a throwing net
Armour
 g - a +2 scale mail of willpower
 q - a +2 cloak (worn)
 u - the +4 robe of Augmentation (worn) {Str+4 Int+4 Dex+4}
   (You found it on level 3 of the Dungeon)

   Str:       It affects your strength (+4).
   Int:       It affects your intelligence (+4).
   Dex:       It affects your dexterity (+4).
 y - a +2 helmet (worn)
 F - the +4 skin of Zhor {*Englaciate rC+++ SInv}
   (You found it in an ice cave)

   *Englaciate: It radiates cold, occasionally slowing all nearby creatures who
   are not resistant to cold.
   rC:        It renders you almost immune to cold.
   SInv:      It lets you see invisible.
 K - the +3 pair of gauntlets of War (worn) {Slay+5}
   (You found it on level 13 of the Dungeon)

   Slay:      It affects your accuracy & damage with ranged weapons and melee
   (+5).
 Z - a +2 buckler of poison resistance (worn)
Jewellery
 b - a +4 ring of slaying
 c - a ring of flight (right hand)
 d - a +4 ring of protection
 h - an amulet of regeneration (around neck)
 n - a ring of resist corrosion
 v - a +6 ring of strength
 G - the ring "Xaitufol" (left hand) {Fire rN+}
   (You found it on level 3 of the Lair of Beasts)

   [ring of fire]

   It enhances your fire magic.
   rF:        It protects you from fire.
   rC:        It makes you vulnerable to cold.
   rN:        It protects you from negative energy.
 Q - a +5 ring of evasion
 X - a ring of positive energy
Wands
 A - a wand of iceblast (3)
 C - a wand of flame (83)
 J - a wand of digging (14)
 R - a wand of paralysis (21)
 U - a wand of mindburst (14)
Scrolls
 a - 4 scrolls of fog
 f - 12 scrolls of teleportation
 i - 2 scrolls of vulnerability
 p - 6 scrolls of magic mapping
 s - 4 scrolls of enchant armour
 E - 5 scrolls of poison
 I - 7 scrolls of identify
 O - 3 scrolls of fear
 T - 2 scrolls of blinking
 W - 4 scrolls of immolation
 Y - 2 scrolls of amnesia
Potions
 e - 8 potions of might
 k - 6 potions of attraction
 l - 5 potions of mutation
 m - 2 potions of haste
 o - 6 potions of heal wounds
 r - 11 potions of curing
 t - 5 potions of lignification
 x - 4 potions of magic
 z - 3 potions of invisibility
 B - a potion of flight
 D - 6 potions of cancellation
 H - 5 potions of berserk rage
 M - 10 potions of ambrosia
 N - 4 potions of brilliance
Miscellaneous
 V - a condenser vane


   Skills:
 + Level 11.6 Fighting
 - Level 7.4 Short Blades
 - Level 7.7 Dodging
 - Level 8.5 Stealth
 - Level 4.0 Shields
 + Level 11.8 Spellcasting
 - Level 4.8 Conjurations
 - Level 5.5 Hexes
 - Level 12.6 Necromancy
 - Level 3.0 Translocations
 + Level 9.8 Transmutations
 - Level 10.3 Fire Magic
 + Level 9.8 Air Magic
 + Level 18.2 Invocations


You had 10 spell levels left.
You knew the following spells:

 Your Spells              Type           Power      Damage    Failure   Level
a - Foxfire               Conj/Fire      100%       2x1d9     1%          1
b - Scorch                Fire           100%       2d9       1%          2
c - Inner Flame           Hex/Fire       75%        N/A       1%          3
d - Flame Wave            Conj/Fire      73%        2d16      1%          4
f - Blink                 Tloc           66%        N/A       1%          2
g - Storm Form            Tmut/Air       32%        N/A       52%         7
h - Apportation           Tloc           66%        N/A       1%          1
i - Airstrike             Air            32%        2d(5-21)  1%          4
j - Mephitic Cloud        Conj/Pois/Air  44%        N/A       1%          3
k - Ignite Poison         Fire/Tmut/Pois 69%        N/A       1%          3

Your spell library contained the following spells:

 Spells                   Type           Power      Damage    Failure   Level
 Kiss of Death            Conj/Necr      100%       2d13      1%          1
 Necrotise                Necr           100%       1d9       1%          1
 Shock                    Conj/Air       100%       1d9       1%          1
 Cigotuvi's Dreadful Rot  Necr/Pois/Air  100%       N/A       1%          2
 Ensorcelled Hibernation  Hex/Ice        64%        N/A       1%          2
 Passwall                 Tmut/Erth      36%        N/A       1%          2
 Poisonous Vapours        Pois/Air       88%        N/A       1%          2
 Confusing Touch          Hex            47%        N/A       1%          3
 Spider Form              Tmut/Pois      44%        N/A       1%          3
 Swiftness                Air            64%        N/A       1%          3
 Tukima's Dance           Hex            47%        N/A       1%          3
 Volatile Blastmotes      Fire/Tloc      100%       2d18      1%          3
 Anguish                  Hex/Necr       30%        N/A       1%          4
 Dispel Undead            Necr           73%        3d24      1%          4
 Sticky Flame             Conj/Fire      73%        2d9       1%          4
 Blade Hands              Tmut           32%        N/A       1%          5
 Portal Projectile        Hex/Tloc       80%        N/A       2%          3
 Gell's Gravitas          Tloc           33%        N/A       3%          3
 Teleport Other           Tloc           33%        N/A       3%          3
 Summon Small Mammal      Summ           64%        N/A       4%          1
 Summon Guardian Golem    Hex/Summ       32%        N/A       4%          3
 Manifold Assault         Tloc           33%        N/A       12%         4
 Call Canine Familiar     Summ           16%        N/A       13%         3
 Ozocubu's Armour         Ice            16%        N/A       13%         3
 Freezing Cloud           Conj/Ice/Air   22%        6-21      16%         5
 Conjure Ball Lightning   Conj/Air       27%        3x3d8     32%         6
 Summon Forest            Summ/Tloc      12%        N/A       54%         5
 Eringya's Noxious Bog    Tmut/Pois      22%        N/A       65%         6
 Dispersal                Tloc           16%        N/A       88%         6
 Enfeeble                 Hex            23%        N/A       98%         7
 Ozocubu's Refrigeration  Ice            8%         4d9       100%        7
 Summon Hydra             Summ           8%         N/A       100%        7
 Discord                  Hex            23%        N/A       100%        8
 Disjunction              Tloc           16%        N/A       100%        8


Dungeon Overview and Level Annotations

Branches:
Dungeon (15/15)            Temple (0/1) D:7            Lair (5/5) D:11
  Swamp (4/4) Lair:3        Snake (4/4) Lair:3        Slime (0/5) Lair:5
    Orc (2/2) D:10            Elf (0/3) Orc:2        Vaults (0/5) D:14
 Depths (0/4) D:15          Sewer (visited)          Bailey (visited)
  IceCv (visited)

Altars:
Fedhas
Gozag
Kikubaaqudgha
Makhleb
Okawaru
Qazlal
Ru
Sif Muna
Trog
Vehumet
Yredelemnul
Jiyva

Shops:
D:8 *   Orc:2 (!:!   Snake:1 ?[   Snake:3 :::=

Portals:
Pandemonium: Orc:2
Trove: D:11 (give 8 potions of haste)

Annotations:
D:15 Roxanne
Lair:2 3 runed translucent doors, 0gre's ghost, journeyman GnIE
Lair:5 1 runed translucent door
Snake:1 1 runed translucent door, Zoimialu's ghost, adept OpHW


Innate Abilities, Weirdness & Mutations

You have hooves in place of feet.
You regenerate a little health from kills.
You sometimes gain power by taking damage.
When seriously injured, your blood forms very thick armour. (AC +12)
Your presence sometimes corrodes those you injure.


Message History

The blizzard demon resists with almost no effort.
You are engulfed in freezing vapours.
Your blood congeals into armour.
An ogre mage comes into view. It is wielding a +0 spear.
The blizzard demon gestures at you. The bolt of cold misses you.
The blizzard demon gestures at you. The bolt of cold hits you!!!
You feel a terrible chill!
You focus on the pain.
You feel your power returning.
Reach: j) +12 spear of Aliw {spect, rElec Int+2 Dex-5}
Press: ? - help, Dir - move target, f - you, p - blizzard demon
Okay, then.
The ogre mage casts a spell.
The ogre mage flickers and vanishes!
Deactivating autopickup; reactivate with Ctrl-A.
You puncture the blizzard demon! You kick the blizzard demon.
The blizzard demon is heavily wounded.
Your +12 spear of Aliw {spect, rElec Int+2 Dex-5} hits the blizzard demon!
The blizzard demon hits you but does no damage.
The blizzard demon hits you!
* * * LOW HITPOINT WARNING * * *
Casting: Inner Flame (safe; 1% risk of failure)
Confirm with . or Enter, or press ? or * to list all spells.
Casting: Flame Wave (mildly dangerous; 1% risk of failure)
Press: ? - help, Dir - look around, f - activate You feel a surge of power!
A wave of flame ripples out!
The mangrove smoulders and burns.
The flame wave engulfs the blizzard demon!!
The blizzard demon is burned terribly!
The blizzard demon is almost dead.
You hear a sizzling sound! x2 (Press . to intensify the flame waves.)
Your +12 spear of Aliw {spect, rElec Int+2 Dex-5} disappears.
You hear a hideous shriek!
The blizzard demon is engulfed in a cloud of scalding steam.
The blizzard demon closely misses you.
The blizzard demon hits you but does no damage.
Something hits you but does no damage. The blizzard demon gestures at you.
The bolt of cold hits you!!!
You feel a terrible chill!
You die...

###.~~~~~~.♣♣~.~.~.♣..♣♣ ****,,~
~*###~~~~~♣♣♣.....~~~..♣♣**,,~,,,
~~~~##~~~..♣*♣~~~.!§~..~♣*,,,,,,~
~~**~##~~♣♣♣♣♣.§~.~~..~~~~~~~,,,,
**∩*~,##~~(~♣~~.§..~♣~~..~~~~,,,~
*~*,~~*#~~~..~~.~~~~♣,~~.~~~~~~~~
,~*~~~~##~.....[~/..♣*~~.~~~~~~~,
,**,~~~*#~.§..}~~~.♣♣*~,~~~~~~~~,
~**~,~,~#..♣~{2.@<.♣ **,~~~~~~~~,
**~~~,~~.#.~♣♣§§§♣♣♣ *,~~~~~~~~,
*,~~~♣..~#§.♣♣§♣♣♣ *,~~~~~~~**
**~,.~..~#~♣♣~~~* ***~~,~~,*
****♣~~..#.~.~~,* ***~~~,*
*,~*##♣~,#.~~~~,* **** *~~~,**
~,~,,****#~§~~~,****,,** **~~~,,
~********#.~~~~***,~~~~* **,~~~,,
~~~~~~~**,,,,,~~,~~~~~,***,~,~,~~


You could see a blizzard demon.

Vanquished Creatures
  Vashnia (Snake:4)
  Saint Roka (Orc:2)
  3 tentacled monstrosities
  Mlioglotl (Snake:4)
  3 thorn hunters
  A tengu reaver (D:14)
  A storm dragon (D:14)
  15 nagarajas
  A fenstrider witch (Swamp:4)
  A fire giant (D:14)
  3 frost giants (D:14)
  Aizul (Snake:4)
  2 ghouls (Swamp:3)
  A stone giant (D:14)
  A reaper (IceCv)
  A war gargoyle (D:14)
  3 eleionomae
  3 bunyips
  2 dire elephants (Swamp:1)
  The ghost of Luuwnalu the Nimble, a journeyman KoHu of Okawaru (Lair:3)
  A fire dragon (D:13)
  An ettin (D:14)
  2 shambling mangroves
  6 vault guards
  3 catoblepae
  A demonspawn (Orc:2)
  A salamander tyrant (Snake:4)
  Erolcha (D:9)
  A ghost crab (Swamp:1)
  8 hydras
  A rakshasa (D:15)
  3 boulder beetles
  An ice dragon (Lair:3)
  4 ogre magi
  A spriggan air mage (Swamp:3)
  13 two-headed ogres
  The ghost of kmckee the Fencer, a novice MiBe of Trog (D:8)
  5 alligators
  Erica (D:9)
  8 anacondas
  18 naga warriors
  A tengu warrior (D:15)
  3 death yaks
  5 centaur warriors
  6 shock serpents
  6 orc high priests (Orc:2)
  Urug (D:11)
  19 naga sharpshooters
  Sonja (D:13)
  2 sun demons (Orc:2)
  2 skysharks
  A salamander mystic (Snake:2)
  2 sixfirhies (Swamp:4)
  A deep elf knight (Swamp:1)
  5 goliath frogs
  3 sea snakes (Snake:3)
  4 spriggan druids
  3 deep elf archers
  5 swamp dragons
  5 naga ritualists
  4 bog bodies
  6 orc knights
  A deep elf zephyrmancer (Swamp:4)
  Pikel (D:4)
  3 wizards (D:14)
  7 orc sorcerers
  4 mana vipers
  8 ugly things
  3 will-o-the-wisps
  3 oklob plants (Lair:5)
  2 manticores
  2 cyclopes
  4 salamanders
  4 elephants (Lair:1)
  Joseph (D:8)
  Maurice (D:13)
  29 black mambas
  14 naga magi
  6 guardian serpents
  An ice statue (IceCv)
  10 cane toads
  A cane toad (shapeshifter) (D:14)
  An orange demon (Swamp:4)
  2 kobold demonologists
  Psyche (D:9)
  4 komodo dragons
  8 rime drakes
  An efreet (D:14)
  A tengu conjurer (D:14)
  5 trolls
  A bloated husk (Swamp:1)
  2 meliai (Lair:4)
  A tarantella (shapeshifter) (D:14)
  9 hornets
  A raiju (shapeshifter) (D:15)
  2 hellwings
  10 polar bears
  Prince Ribbit (D:8)
  A queen bee (Lair:4)
  24 blink frogs
  8 dream sheep (Lair:5)
  4 raiju (Lair:5)
  10 tyrant leeches
  8 slime creatures
  A centaur simulacrum (D:14)
  5 spriggans
  5 wyverns
  2 vampires
  24 yaks
  5 humans (Bailey)
  2 wraiths
  4 basilisks
  A fire bat (shapeshifter) (D:13)
  A steam dragon (shapeshifter) (D:15)
  8 vampire mosquitoes
  4 death yak simulacra
  Grum (D:11)
  Menkaure (D:5)
  8 wargs
  25 nagas
  An acid dragon (D:11)
  A harpy simulacrum (IceCv)
  13 water moccasins
  5 hydra simulacra
  15 swamp worms
  11 hell hounds
  An ice beast (D:6)
  A sky beast (D:7)
  3 swamp drakes
  7 ogres
  39 orc warriors
  19 black bears
  A black mamba simulacrum (Lair:3)
  29 wolves
  9 centaurs
  4 lemures
  2 phantoms
  20 bullfrogs
  5 scorpions
  A kobold brigand (D:7)
  A necrophage (Swamp:3)
  A gnoll sergeant (D:9)
  7 two-headed ogre simulacra (IceCv)
  5 wights (D:9)
  A dream sheep simulacrum (Lair:3)
  3 elephant simulacra (IceCv)
  23 killer bees
  8 howler monkeys
  2 electric eels (D:7)
  A rime drake simulacrum (Lair:3)
  A komodo dragon simulacrum (Lair:3)
  A jelly (D:6)
  23 orc priests
  A gnoll bouda (D:8)
  4 hounds
  4 iguanas
  11 hell rats
  A sleepcap (D:4)
  21 orc wizards
  7 spriggan simulacra (IceCv)
  2 troll simulacra (IceCv)
  2 polar bear simulacra
  2 wolf simulacra (IceCv)
  3 adders
  11 gnolls
  6 naga simulacra (IceCv)
  4 river rats
  7 white imps (IceCv)
  5 ufetubi
  2 worms
  2 dart slugs
  84 orcs
  6 endoplasms
  3 giant cockroaches (D:1)
  3 hobgoblins
  6 jackals
  11 kobolds
  A quokka (D:4)
  5 ball pythons
  8 bats
  A frilled lizard (D:1)
  12 goblins
  6 rats
  A spectral weapon (Snake:2)
1025 creatures vanquished.

Vanquished Creatures (collateral kills)
  A shadow dragon (D:14)
  3 nagarajas (Snake:4)
  An ettin (Orc:1)
  A hydra (Swamp:3)
  An alligator (Swamp:3)
  2 naga warriors (Snake:4)
  An orc knight (Orc:1)
  A guardian serpent (Snake:4)
  A naga mage (Snake:4)
  A cane toad (Lair:5)
  A meliai (Lair:4)
  2 nagas (Snake:4)
  A hell hound (Lair:5)
  An orc warrior (Orc:1)
  An elephant simulacrum (IceCv)
  5 killer bees (Lair:4)
  A spriggan simulacrum (IceCv)
  An ufetubus (IceCv)
  7 foxfires
33 creatures vanquished.

Vanquished Creatures (others)
  A deep elf knight (D:14)
  A gargoyle (D:11)
  3 bloated husks (Swamp:2)
  An orc (Orc:2)
  2133 foxfires
  14 spectral weapons
2153 creatures vanquished.

Grand Total: 3211 creatures vanquished

Notes
Turn   | Place    | Note
-------+----------+-------------------------------------------
     0 | D:1      | croobank the Demonspawn Fire Elementalist began the quest
                  | for the Orb.
     0 | D:1      | Reached XP level 1. HP: 13/13 MP: 3/3
   284 | D:1      | Gained mutation: You have large cloven feet. [demonic
                  | ancestry]
   284 | D:1      | Reached XP level 2. HP: 18/19 MP: 1/5
   291 | D:1      | Learned a level 2 spell: Scorch
  1092 | D:1      | Gained mutation: When seriously injured, your blood forms
                  | armour. (AC +12) [demonic ancestry]
  1092 | D:1      | Reached XP level 3. HP: 24/24 MP: 1/6
  1540 | D:2      | You fall into a shaft and drop 2 floors!
  1671 | D:4      | Found a glowing drain.
  1682 | D:4      | Noticed a lemure
  1684 | D:4      | Noticed a lemure
  1695 | Sewer    | Entered a sewer
  1864 | Sewer    | Gained mutation: You sometimes gain a little power by
                  | taking damage. [demonic ancestry]
  1864 | Sewer    | Reached XP level 4. HP: 30/30 MP: 4/7
  1994 | Sewer    | Learned a level 3 spell: Inner Flame
  2147 | D:4      | Killed a lemure
  2149 | D:4      | Killed a lemure
  2158 | D:4      | Noticed a scorpion
  2378 | D:3      | Found a sacrificial altar of Ru.
  2378 | D:3      | Found the +4 robe of Augmentation {Str+4 Int+4 Dex+4}
  2482 | D:3      | Reached skill level 1 in Hexes
  2482 | D:3      | Gained mutation: When seriously injured, your blood forms
                  | thick armour. (AC +12) [demonic ancestry]
  2482 | D:3      | Reached XP level 5. HP: 17/36 MP: 1/9
  2881 | D:3      | Found a faded altar of an unknown god.
  3223 | D:4      | Reached skill level 1 in Fighting
  3480 | D:4      | Gained mutation: You have hoof-like feet. [demonic
                  | ancestry]
  3480 | D:4      | Reached XP level 6. HP: 43/43 MP: 4/10
  3832 | D:4      | Noticed Pikel
  3852 | D:5      | Entered Level 5 of the Dungeon
  3940 | D:4      | Killed Pikel
  3941 | D:4      | Gained mutation: You sometimes gain power by taking damage.
                  | [demonic ancestry]
  3941 | D:4      | Reached XP level 7. HP: 40/50 MP: 0/12
  4598 | D:5      | Noticed Menkaure
  4604 | D:5      | Killed Menkaure
  4605 | D:5      | Reached XP level 8. HP: 57/57 MP: 6/13
  4913 | D:5      | Identified the +2 robe of Bitterness {rC- rN++ Regen+
                  | Dex+2}
  5541 | D:5      | Learned a level 4 spell: Flame Wave
  6192 | D:6      | Reached skill level 5 in Hexes
  6384 | D:6      | Found a shimmering blue altar of Sif Muna.
  6443 | D:6      | Found an opulent altar of Gozag.
  6445 | D:6      | Found an ancient bone altar of Kikubaaqudgha.
  6699 | D:6      | Got Sif Muna's Dissertation on Poisoning
  7097 | D:3      | Prayed at the altar of an unknown god.
  7097 | D:3      | Became a worshipper of Makhleb the Destroyer
  7097 | D:3      | Reached * piety under Makhleb
  7428 | D:2      | Identified the +10 dagger of Zudoom {elec, Int+5}
  8075 | D:7      | Found a basalt altar of Yredelemnul.
  8077 | D:7      | Noticed a profane servitor
  8127 | D:7      | Gained mutation: You have hooves in place of feet. [demonic
                  | ancestry]
  8127 | D:7      | Reached XP level 9. HP: 64/64 MP: 8/15
  8279 | D:7      | Reached skill level 1 in Short Blades
  8482 | D:7      | Reached skill level 5 in Fire Magic
  8670 | D:7      | Found a bloodstained altar of Trog.
  8678 | D:7      | Reached skill level 1 in Invocations
  9423 | D:7      | Found a staircase to the Ecumenical Temple.
  9484 | D:7      | Noticed an angel
  9691 | D:8      | Noticed Joseph
  9705 | D:8      | Killed Joseph
  9706 | D:8      | Reached skill level 2 in Invocations
  9790 | D:8      | Found a flagged portal.
  9799 | Bailey   | Entered a bailey
  9836 | Bailey   | Learned a level 4 spell: Anguish
  9844 | Bailey   | Reached skill level 1 in Necromancy
  9866 | Bailey   | Reached ** piety under Makhleb
  9874 | Bailey   | Reached skill level 5 in Necromancy
  9877 | Bailey   | Reached XP level 10. HP: 56/71 MP: 1/16
 10187 | Bailey   | Noticed a vault guard
 10203 | Bailey   | Killed a vault guard
 10247 | Bailey   | Noticed a vault guard
 10262 | Bailey   | Killed a vault guard
 10508 | D:8      | Noticed Prince Ribbit
 10515 | D:8      | Killed Prince Ribbit
 10568 | D:8      | Noticed a two-headed ogre
 10574 | D:8      | Killed a two-headed ogre
 10575 | D:8      | Reached skill level 10 in Necromancy
 10709 | D:8      | Found Bunkom's Assorted Antiques.
 10717 | D:8      | Bought a scroll of identify for 54 gold pieces
 10749 | D:8      | Bought a coppery potion for 24 gold pieces
 10749 | D:8      | Bought a short jewelled staff for 324 gold pieces
 10764 | D:8      | Found a blossoming altar of Fedhas.
 10960 | D:8      | Found a runed translucent gate.
 10960 | D:8      | Noticed kmckee's ghost (novice MiBe)
 10961 | D:8      | Found a runed translucent gate.
 10962 | D:8      | Found a runed translucent gate.
 10964 | D:8      | Identified the +5 plate armour of Lesser Demons {Dex+3}
 10990 | D:9      | Noticed Erolcha
 11446 | D:9      | Noticed a two-headed ogre
 11459 | D:9      | Killed a two-headed ogre
 11460 | D:9      | Reached XP level 11. HP: 77/77 MP: 9/17
 11615 | D:9      | Noticed Psyche
 11626 | D:9      | Killed Psyche
 11627 | D:9      | Noticed a two-headed ogre
 11636 | D:9      | Killed a two-headed ogre
 11960 | D:9      | Noticed Erica
 11991 | D:9      | Killed Erica
 11991 | D:9      | Reached *** piety under Makhleb
 12257 | D:9      | Killed Erolcha
 12258 | D:9      | Reached skill level 5 in Stealth
 12498 | D:9      | Reached skill level 3 in Invocations
 12559 | D:9      | Noticed a two-headed ogre
 12565 | D:9      | Killed a two-headed ogre
 12858 | D:10     | Entered Level 10 of the Dungeon
 12971 | D:10     | Found a stormy altar of Qazlal.
 13204 | D:10     | Found a staircase to the Orcish Mines.
 13425 | D:10     | Noticed a two-headed ogre
 13434 | D:10     | Killed a two-headed ogre
 13435 | D:10     | Reached skill level 5 in Dodging
 13435 | D:10     | Reached skill level 5 in Spellcasting
 13435 | D:10     | Reached skill level 4 in Invocations
 13846 | D:10     | Found an iron altar of Okawaru.
 13879 | D:11     | Noticed Urug
 13880 | D:11     | Noticed Grum
 13886 | D:11     | Killed Grum
 13899 | D:11     | Killed Urug
 13900 | D:11     | Reached skill level 5 in Invocations
 14448 | D:10     | Reached skill level 5 in Fighting
 14709 | D:11     | Gained mutation: You regenerate a little health from kills.
                  | [demonic ancestry]
 14709 | D:11     | Reached XP level 12. HP: 55/86 MP: 1/19
 14863 | D:11     | Found a portal to a secret trove of treasure.
 15090 | D:11     | Found a staircase to the Lair.
 15309 | D:11     | Reached skill level 6 in Invocations
 15519 | D:11     | Identified the +1 robe of the Constellations {Rampage Str+5
                  | Int-3}
 16209 | D:12     | Noticed a two-headed ogre
 16214 | D:12     | Killed a two-headed ogre
 16353 | D:12     | Identified the +12 spear of Aliw {spect, rElec Int+2 Dex-5}
 16380 | D:12     | Noticed a two-headed ogre
 16388 | D:12     | Killed a two-headed ogre
 16526 | D:12     | Identified the +6 leather armour "Jig Ruthruim" {Str+2}
 17059 | D:13     | Reached **** piety under Makhleb
 17125 | D:13     | Found the +3 pair of gauntlets of War {Slay+5}
 17158 | D:13     | Noticed a centaur warrior
 17165 | D:13     | Killed a centaur warrior
 17166 | D:13     | Reached skill level 7 in Invocations
 17233 | D:13     | Noticed Sonja
 17238 | D:13     | Killed Sonja
 17243 | D:13     | Noticed a two-headed ogre
 17252 | D:13     | Killed a two-headed ogre
 17578 | D:13     | Noticed a centaur warrior
 17586 | D:13     | Killed a centaur warrior
 17596 | D:13     | Reached skill level 8 in Invocations
 17684 | D:13     | Noticed Maurice
 17934 | D:13     | Killed Maurice
 18095 | Lair:1   | Entered Level 1 of the Lair of Beasts
 18851 | Lair:1   | You fall into a shaft and drop 1 floor!
 18857 | Lair:2   | Gained mutation: Your presence sometimes corrodes those you
                  | injure. [demonic ancestry]
 18857 | Lair:2   | Reached XP level 13. HP: 93/93 MP: 17/22
 18993 | Lair:2   | Found a runed translucent gate.
 18994 | Lair:2   | Found a runed translucent gate.
 18994 | Lair:2   | Found a runed translucent gate.
 19203 | Lair:2   | Reached skill level 5 in Short Blades
 19203 | Lair:2   | Reached skill level 9 in Invocations
 19669 | Lair:1   | Reached ***** piety under Makhleb
 20750 | Lair:2   | Noticed 0gre's ghost (journeyman GnIE)
 20894 | D:8      | Killed kmckee's ghost
 20895 | D:8      | Reached skill level 10 in Invocations
 21078 | D:8      | Identified the +2 pair of boots of Cocytus {rF- Regen+ SInv
                  | Stlth+}
 21240 | Lair:3   | Found a staircase to the Snake Pit.
 21277 | Lair:3   | Noticed Luuwnalu's ghost (journeyman KoHu)
 21313 | Lair:3   | Found a staircase to the Swamp.
 21446 | Lair:3   | Found a gate leading to a gauntlet.
 21642 | Lair:3   | Found a runed translucent gate.
 21643 | Lair:3   | Found a runed translucent gate.
 21647 | Lair:3   | Found a runed translucent gate.
 22487 | Lair:4   | Reached skill level 11 in Invocations
 23148 | Lair:5   | Entered Level 5 of the Lair of Beasts
 23326 | Lair:5   | Gained mutation: When seriously injured, your blood forms
                  | very thick armour. (AC +12) [demonic ancestry]
 23326 | Lair:5   | Reached XP level 14. HP: 44/103 MP: 15/24
 24309 | Lair:4   | Reached skill level 12 in Invocations
 24347 | Lair:5   | Reached skill level 10 in Fire Magic
 24506 | Lair:5   | Reached ****** piety under Makhleb
 24795 | Lair:5   | Found a runed translucent door.
 24795 | Lair:5   | Found a viscous altar of Jiyva.
 24795 | Lair:5   | Found a staircase to the Slime Pits.
 24795 | Lair:5   | Noticed an azure jelly
 24795 | Lair:5   | Noticed an azure jelly
 24795 | Lair:5   | Noticed an azure jelly
 24795 | Lair:5   | Noticed an azure jelly
 24795 | Lair:5   | Noticed an azure jelly
 25186 | Lair:5   | Learned a level 2 spell: Blink
 26183 | Orc:1    | Entered Level 1 of the Orcish Mines
 26213 | Orc:1    | Learned a level 7 spell: Storm Form
 26512 | Orc:2    | Entered Level 2 of the Orcish Mines
 26515 | Orc:2    | Noticed Saint Roka
 26714 | Orc:2    | Reached skill level 1 in Transmutations
 26715 | Orc:2    | Reached skill level 1 in Air Magic
 26870 | Orc:2    | Found a frozen archway.
 26896 | Orc:2    | Found a staircase to the Elven Halls.
 26922 | Orc:2    | Reached skill level 13 in Invocations
 27204 | IceCv    | Entered an ice cave
 27559 | IceCv    | Found the +4 skin of Zhor {*Englaciate rC+++ SInv}
 28361 | IceCv    | Noticed a reaper
 28385 | IceCv    | Killed a reaper
 29002 | Lair:3   | Killed Luuwnalu's ghost
 29183 | Lair:3   | Got the ring "Xaitufol" {Fire rN+}
 29547 | D:14     | Found a huge runed gate.
 29548 | D:14     | Found a huge runed gate.
 29549 | D:14     | Found a huge runed gate.
 29582 | D:14     | Found a huge runed gate.
 29582 | D:14     | Found a huge runed gate.
 29582 | D:14     | Found a huge runed gate.
 29582 | D:14     | Found a huge runed gate.
 29585 | D:14     | Found a huge runed gate.
 29586 | D:14     | Found a huge runed gate.
 29586 | D:14     | Found a huge runed gate.
 29663 | D:14     | Found a huge runed gate.
 29663 | D:14     | Found a huge runed gate.
 29663 | D:14     | Found a huge runed gate.
 29663 | D:14     | Found a huge runed gate.
 29663 | D:14     | Found a huge runed gate.
 29663 | D:14     | Found a huge runed gate.
 29664 | D:14     | Found a huge runed gate.
 29665 | D:14     | Found a huge runed gate.
 29667 | D:14     | Found a huge runed gate.
 29676 | D:14     | Reached XP level 15. HP: 75/110 MP: 26/26
 29710 | D:14     | Found a huge runed gate.
 29710 | D:14     | Found a huge runed gate.
 29710 | D:14     | Found a huge runed gate.
 29710 | D:14     | Found a huge runed gate.
 30429 | D:14     | Found a huge runed gate.
 30429 | D:14     | Found a huge runed gate.
 30429 | D:14     | Found a huge runed gate.
 30429 | D:14     | Found a huge runed gate.
 30429 | D:14     | Found a huge runed gate.
 30443 | D:14     | Noticed a frost giant
 30443 | D:14     | Noticed a frost giant
 30443 | D:14     | Noticed a tengu reaver
 30443 | D:14     | Noticed a shadow dragon
 30444 | D:14     | Noticed a storm dragon
 30450 | D:14     | Noticed a frost giant
 30571 | D:8      | Bought 2 scrolls of blinking for 405 gold pieces
 30571 | D:8      | Bought a scroll of blinking for 202 gold pieces
 30916 | D:14     | Killed a frost giant
 30917 | D:14     | Reached skill level 14 in Invocations
 31012 | D:14     | Killed a frost giant
 31488 | D:14     | Killed a frost giant
 31819 | D:14     | Killed a shadow dragon
 32027 | D:14     | Reached skill level 5 in Air Magic
 32043 | D:14     | Killed a tengu reaver
 32044 | D:14     | Reached skill level 5 in Transmutations
 32156 | D:14     | Found a gate to the Vaults.
 32258 | D:14     | Killed a storm dragon
 32259 | D:14     | Reached skill level 1 in Shields
 32518 | D:15     | Entered Level 15 of the Dungeon
 32746 | D:15     | Noticed a fire giant
 32964 | D:14     | Killed a fire giant
 33308 | D:15     | Reached skill level 15 in Invocations
 33430 | D:15     | Identified the +11 short sword of Noun {protect, *Noise
                  | rC++ rN+++ Stlth-}
 33567 | D:15     | Found a radiant altar of Vehumet.
 33625 | D:15     | Found a staircase to the Depths.
 33972 | D:15     | Identified Roxanne's Compilation of Variation
 33972 | D:15     | Noticed Roxanne
 33976 | D:15     | Learned a level 1 spell: Apportation
 34700 | Orc:1    | Learned a level 4 spell: Airstrike
 34717 | Orc:2    | Killed Saint Roka
 34718 | Orc:2    | Reached skill level 1 in Translocations
 35111 | Orc:2    | Found Luriqad's Distillery.
 35113 | Orc:2    | Found Tuwniul's Distillery.
 35243 | Orc:2    | Bought a potion of might for 56 gold pieces
 35243 | Orc:2    | Bought a potion of magic for 112 gold pieces
 35243 | Orc:2    | Bought a potion of heal wounds for 70 gold pieces
 35243 | Orc:2    | Bought a potion of brilliance for 56 gold pieces
 35243 | Orc:2    | Bought a potion of brilliance for 56 gold pieces
 35245 | Orc:2    | Bought a potion of heal wounds for 75 gold pieces
 35245 | Orc:2    | Bought a potion of cancellation for 120 gold pieces
 36540 | Orc:2    | Reached XP level 16. HP: 106/117 MP: 1/29
 36934 | Orc:2    | Paralysed by an orc sorcerer for 3 turns
 37036 | Orc:2    | Found Yliriveu's Book Emporium.
 37036 | Orc:2    | Found Didaox's Antique Weapon Shoppe.
 37036 | Orc:2    | Found a one-way gate leading to the halls of Pandemonium.
 37040 | Orc:2    | Bought a book of Vapours for 390 gold pieces
 37241 | Snake:1  | Entered Level 1 of the Snake Pit
 38374 | Snake:1  | Found Cuill's Antique Armour Boutique.
 38374 | Snake:1  | Found Kocanuta's Magic Scroll Shop.
 38384 | Snake:1  | Bought a scroll of summoning for 133 gold pieces
 38489 | Snake:1  | Found a runed translucent door.
 38489 | Snake:1  | Noticed Zoimialu's ghost (adept OpHW)
 38867 | Snake:2  | Identified the +6 falchion "Othag" {freeze, *Corrode rPois
                  | rF- Int+6}
 40234 | Snake:3  | Found Dukuwaxi's Book Emporium.
 40250 | Snake:3  | Learned a level 3 spell: Mephitic Cloud
 40254 | Snake:3  | Learned a level 3 spell: Ignite Poison
 40801 | Snake:3  | Found Fusask's Jewellery Shoppe.
 40801 | Snake:3  | Found Wabulots's Book Boutique.
 40802 | Snake:3  | Found Xishofer's Book Boutique.
 40976 | Snake:3  | Reached skill level 16 in Invocations
 41080 | Snake:3  | Reached skill level 10 in Spellcasting
 41593 | Snake:4  | Entered Level 4 of the Snake Pit
 41599 | Snake:4  | Noticed Aizul
 41609 | Snake:4  | Killed Aizul
 41787 | Snake:4  | Reached XP level 17. HP: 32/126 MP: 17/31
 42210 | Snake:4  | Noticed Vashnia
 42227 | Snake:4  | Killed Vashnia
 43118 | Snake:4  | Noticed Mlioglotl
 43141 | Snake:4  | Killed Mlioglotl
 43158 | Snake:4  | Reached skill level 10 in Fighting
 44153 | Snake:4  | Reached skill level 17 in Invocations
 44583 | Snake:4  | Got a serpentine rune of Zot
 45314 | Swamp:1  | Entered Level 1 of the Swamp
 45653 | Swamp:1  | Upgraded the game from 0.30.0-5-g1a98f26d00 to
                  | 0.30.0-10-gfe55d96785
 47209 | Swamp:1  | Reached XP level 18. HP: 113/134 MP: 16/33
 47560 | Swamp:2  | Noticed a tentacled monstrosity
 47669 | Swamp:2  | Got the Cyclopedia of the Geodesic and Toxicity
 47977 | Swamp:2  | Killed a tentacled monstrosity
 48256 | Swamp:3  | Identified a scroll of acquirement
 48257 | Swamp:3  | Acquired a book of Touch
 49050 | Swamp:3  | Noticed a tentacled monstrosity
 49064 | Swamp:3  | Killed a tentacled monstrosity
 49455 | Swamp:4  | Entered Level 4 of the Swamp
 49720 | Swamp:3  | Reached skill level 18 in Invocations
 50096 | Swamp:4  | Noticed a tentacled monstrosity
 50115 | Swamp:4  | Killed a tentacled monstrosity
 50612 | Swamp:4  | Killed from afar by a blizzard demon

Illustrated notes

Levels and vault maps discovered:
D:1:      wander_arrival_lonely_grave, layout_basic, serial_corexii_hall,
          chequers_hall_statues_corner_a, chequers_hall_statues_wall_a,
          minmay_tromino_mix6
D:2:      layout_loops_ring, patterned_corridor
D:3:      layout_loops_ring, nicolae_ru_awakened_eye,
          shapermc_ecumenical_altar_gd
D:4:      layout_cave_pods, cheibrodos_sewer_entry_sluice, grunt_decor_junction,
          uniq_pikel
D:5:      layout_basic, uniq_menkaure
D:6:      layout_loops_ring, mainiacjoe_overflow_six_doors_small,
          gammafunk_temple_overflow_forgotten
D:7:      layout_loops_ring, grunt_temple_overflow_holy_war,
          overflow_temple_1_default, trog_butcher_becter,
          minmay_temple_entry_statues, minivault_14, small_statue_intersection
D:8:      layout_basic, marbit_many_paths, biasface_ghost_orc_armoury,
          enter_bailey_3, serial_shops, nicolae_shop_overgrown_old_shop,
          uniq_prince_ribbit1, uniq_joseph
D:9:      layout_roguey, uniq_psyche, uniq_erica, uniq_erolcha
D:10:     layout_loops_corners, lemuel_coloured_pillars_altar,
          nicolae_qazlal_general_emergency, orc_0_dummy
D:11:     layout_layer_cave, due_lair_maze_entry_diamond, enter_trove_2,
          uniq_urug, uniq_grum
D:12:     layout_cave_pools, minmay_crystal_room
D:13:     layout_long_grid, uniq_maurice, uniq_sonja
D:14:     layout_irregular_city, grunt_vaults_entry_fortified, door_vault
D:15:     grunt_enter_depths_giant_problem, layout_grid_maze, vehumet_crystals,
          uniq_roxanne
Lair:1:   cheibrodos_lair_river_kwai, layout_long_grid, lemuel_fruit_tree,
          lemuel_fruit_fields, infiniplex_staircase_pool_2
Lair:2:   layout_gridlike, gammafunk_ghost_necromancy
Lair:3:   layout_chaotic_city, minmay_swamp_entry_swarm,
          guppyfry_snake_entry_garden, gauntlet_entry_generic,
          gammafunk_ghost_icy, eino_small_chamber_without_monster,
          serial_bayou_shore_b
Lair:4:   layout_small_grid, special_room [special_room_bee]
Lair:5:   hangedman_lair_caniforms_friends, layout_regular_city, slime_entry_2,
          dpeg_oklob_1, grunt_megastairs_3, lemuel_fruit_fields
Swamp:1:  layout_basic_swamp, evilmike_swamp_ruin_house_5,
          beargit_elvish_explorers
Swamp:2:  cheibrodos_swamp_monstrosity, layout_basic_swamp,
          hangedman_swamp_diagram
Swamp:3:  layout_falls_marsh, hangedman_swamp_lotus, nicolae_swamp_bean_lake
Swamp:4:  nzn_swamp_witches_coven, layout_basic_swamp
Snake:1:  layout_misc_corridors, ebering_ghost_inner_flame, minmay_shoptagon
Snake:2:  layout_misc_corridors, grunt_megastairs_1
Snake:3:  kennysheep_six_static_rooms, layout_gridlike, serial_shops,
          nicolae_shop_tiny_glass, minmay_shop_grove, serial_bayou_shore_a
Snake:4:  grunt_snake_rune_spirals, layout_onion, st_stairs_1, uniq_vashnia,
          uniq_mlioglotl, uniq_aizul
Orc:1:    layout_caves
Orc:2:    pf_orc_diabolical, layout_caves, portal_ice_cave_entry_pillars_1,
          uniq_saint_roka

Skill      XL: |  1  2  3  4  5  6  7  8  9 10 11 12 13 14 15 16 17 18 |
---------------+-------------------------------------------------------+-----
Stealth        | 2 3 4 5 6 7 8 |  8.5
Dodging        | 2 3 4 5 6 7 |  7.7
Fire Magic     | 3 4 5 6 7 9 10 | 10.3
Conjurations   | 2 3 4 |  4.8
Hexes          | 1 2 3 4 5 |  5.5
Fighting       | 1 2 3 4 5 6 7 8 9 10 11 | 11.6
Spellcasting   | 3 4 5 6 7 9 10 11 | 11.8
Short Blades   | 2 3 4 5 7 |  7.4
Invocations    | 2 5 8 11 13 15 16 17 18 | 18.2
Necromancy     | 5 11 12 | 12.6
Transmutations | 3 6 7 9 |  9.8
Air Magic      | 3 6 7 9 |  9.8
Shields        | 3 4 |  4.0
Translocations | 1 3 |  3.0

Action                     |  1- 3 |  4- 6 |  7- 9 | 10-12 | 13-15 | 16-18 || total
---------------------------+-------+-------+-------+-------+-------+-------++-------
  Melee: Unarmed           |    16 |       |       |       |       |       ||    16
         Dagger            |     7 |       |    65 |   154 |   337 |       ||   563
         Kick              |    11 |     5 |    23 |    55 |   165 |   176 ||   435
         Short sword       |    30 |    14 |    14 |       |       |       ||    58
         Punch             |     2 |       |     1 |     4 |     7 |       ||    14
         Spear             |       |       |       |       |    96 |   567 ||   663
  Throw: Throwing net      |       |       |     1 |     6 |       |       ||     7
         Dart              |       |       |       |       |     3 |     3 ||     6
   Cast: Foxfire           |    46 |    72 |    55 |   174 |   531 |   355 ||  1233
         Scorch            |    10 |    25 |    86 |   117 |   292 |   210 ||   740
         Flame Wave        |       |       |     4 |    13 |    38 |    15 ||    70
         Anguish           |       |       |     2 |     6 |     4 |       ||    12
         Inner Flame       |       |       |       |     6 |    90 |   127 ||   223
         Blink             |       |       |       |       |     2 |     3 ||     5
         Apportation       |       |       |       |       |     1 |       ||     1
         Mephitic Cloud    |       |       |       |       |       |     9 ||     9
         Airstrike         |       |       |       |       |       |     5 ||     5
         Ignite Poison     |       |       |       |       |       |     6 ||     6
 Invoke: Minor Destruction |       |       |       |     1 |       |       ||     1
         Greater Servant o |       |       |       |       |    11 |     8 ||    19
         Major Destruction |       |       |       |       |     6 |     3 ||     9
  Evoke: Wand              |       |       |     1 |     2 |     2 |     9 ||    14
         Phial of floods   |       |       |       |       |       |     1 ||     1
    Use: Scroll            |     2 |     2 |    16 |    17 |    12 |    11 ||    60
         Potion            |       |     1 |     1 |     4 |    18 |     7 ||    31
   Stab: Sleeping          |     2 |     1 |     6 |     7 |     7 |     8 ||    31
         Held in net/web   |       |       |       |     2 |       |       ||     2
         Paralysed         |       |       |       |     2 |     1 |       ||     3
         Distracted        |       |       |       |       |     2 |     2 ||     4
         Confused          |       |       |       |       |       |     1 ||     1
 Armour: Robe              |    36 |     7 |    54 |   108 |   183 |    42 ||   430
         Animal skin       |       |       |       |       |    58 |   188 ||   246
         Scale mail        |       |       |       |       |    15 |       ||    15
         Fire dragon scale |       |       |       |       |     2 |    18 ||    20
  Dodge: Dodged            |    57 |    15 |   126 |   208 |   735 |   348 ||  1489
  Block: Buckler           |       |       |       |       |    23 |   149 ||   172
